 Dungeon Crawl Stone Soup version 0.16-a0-2675-g216447c (webtiles) character file.

7835 stonewall the Cleaver (level 11, -2/87 HPs)
             Began as a Mummy Venom Mage on Nov 24, 2014.
             Was an Elder of Cheibriados.
             Slain by a cyan ugly thing (4 damage)
             ... on level 11 of the Dungeon.
             The game lasted 00:21:58 (13942 turns).

stonewall the Cleaver (Mummy Venom Mage)           Turns: 13942, Time: 00:21:58

Health: -2/87      AC: 15    Str: 23    XL:     11   Next: 2%
Magic:  26/26      EV:  6    Int: 23    God:    Cheibriados [****..]
Gold:   382        SH:  0    Dex: 21    Spells: 1 memorised, 13 levels left

rFire  x . .     SeeInvis .     a - +2 war axe (venom)
rCold  + + .     Clarity  .     s - +0 plate armour
rNeg   + + +     SustAb   .     (no shield)
rPois  ∞         Gourm    .     (no helmet)
rElec  .         Spirit   .     o - +0 cloak
rCorr  .         Warding  .     (no gloves)
rMut   .         Stasis   .     D - +0 pair of boots
MR     +....                    (no amulet)
Stlth  ..........               e - ring of magical power
                                n - ring of protection from cold (curse)

@: very slow, somewhat resistant to hostile enchantments, extremely unstealthy
A: no food or potions, fire vulnerability, restore body, cold resistance 1,
negative energy resistance 3, poison resistance, torment resistance, unbreathing
a: Bend Time, Temporal Distortion, Slouch, Renounce Religion


You were on level 11 of the Dungeon.
You worshipped Cheibriados.
Cheibriados was greatly pleased with you.
You were not hungry.

You visited 2 branches of the dungeon, and saw 12 of its levels.
You also visited: Ossuary.

You collected 532 gold pieces.
You spent 150 gold pieces at shops.

Inventory:

Hand weapons
 a - a +2 war axe of venom (weapon)
 f - a +0 club
 p - a +3 war axe
Missiles
 g - 4 javelins (quivered)
Armour
 i - a +0 robe
 j - a +1 chain mail
 o - a +0 cloak (worn)
 r - a +0 pair of boots
 s - a +0 plate armour (worn)
 D - a +0 pair of boots (worn)
Rods
 b - a +1 rod of shadows (12/12)
   (You found it on level 2 of the Dungeon)
Jewellery
 e - a ring of magical power (right hand)
 n - a cursed ring of protection from cold (left hand)
 E - an uncursed ring of protection from cold
Magical devices
 v - a wand of magic darts (24)
 w - a wand of disintegration (0)
 y - a wand of teleportation (6)
Scrolls
 c - 4 scrolls of fog
 d - 3 scrolls of enchant armour
 h - a scroll of noise
 k - 3 scrolls of recharging {unknown}
 l - 7 scrolls of identify {unknown}
 q - 4 scrolls of remove curse {unknown}
 t - a scroll of enchant weapon {unknown}
 u - a scroll of immolation {unknown}
 x - a scroll of magic mapping {unknown}
 z - a scroll of fear {unknown}
 G - a scroll of random uselessness {unknown}
 H - a scroll of acquirement {unknown}
 I - a scroll of amnesia
Books
 m - a Young Poisoner's Handbook

   Spells                             Type                      Level
   *Sting                             Conjuration/Poison           1
   Cure Poison                        Poison                       2
   Mephitic Cloud                     Conjuration/Poison/Air       3
   Olgreb's Toxic Radiance            Poison                       4
   Venom Bolt                         Conjuration/Poison           5
 B - a book of Debilitation

   Spells                             Type                      Level
   Corona                             Hexes                        1
   Slow                               Hexes                        2
   Inner Flame                        Hexes/Fire                   3
   Enslavement                        Hexes                        4
   Cause Fear                         Hexes                        4
   Leda's Liquefaction                Hexes/Earth                  4
 C - a Grand Grimoire {highlevel, unknown}

   This book is beyond your current level of understanding.

   Spells                             Type                      Level
   Aura of Abjuration                 Summoning                    6
   Forceful Dismissal                 Summoning                    6
   Summon Greater Demon               Summoning                    7
   Malign Gateway                     Summoning/Translocation      7
   Summon Horrible Things             Summoning                    8
 F - a book of Spatial Translocations

   Spells                             Type                      Level
   Apportation                        Translocation                1
   Blink                              Translocation                2
   Shroud of Golubria                 Charms/Translocation         2
   Portal Projectile                  Translocation                3
   Teleport Other                     Translocation                3
   Passage of Golubria                Translocation                4


   Skills:
 - Level 8.3 Fighting
 - Level 10.1 Axes
 - Level 6.4 Armour
 - Level 1.5 Dodging
 - Level 1.5 Stealth
 - Level 2.0 Spellcasting
 - Level 3.2 Poison Magic
 + Level 3.2 Invocations


You had 13 spell levels left.
You knew the following spells:

 Your Spells              Type           Power        Failure   Level  Hunger
a - Sting                 Conj/Pois      #...         95%         1    N/A

Dungeon Overview and Level Annotations

Branches:
Dungeon (11/15)            Temple (1/1) D:6            Lair (0/8) D:8
    Orc: D:9-12

Altars:
Cheibriados
Dithmenos
Elyvilon
Fedhas
Gozag
Kikubaaqudgha
Okawaru
Qazlal
Ru
Sif Muna
Trog
Vehumet
Xom
Yredelemnul
Zin
The Shining One

Shops:
D:5 ?%}   D:7 !

Annotations:
D:5 exclusion: downstairs
D:10 RobertPalmer's ghost, experienced OpNe


Innate Abilities, Weirdness & Mutations

You do not eat or drink.
Your flesh is vulnerable to fire.
Your flesh is cold resistant.
You are immune to negative energy.
Your system is resistant to poisons.
You are immune to unholy pain and torment.
You can survive without breathing.


Message History

RobertPalmer's ghost hits you but does no damage.
You are electrocuted!
* * * LOW HITPOINT WARNING * * *
You closely miss RobertPalmer's ghost.
RobertPalmer's ghost is heavily damaged.
RobertPalmer's ghost hits you.
* * * LOW HITPOINT WARNING * * *
You hit RobertPalmer's ghost.
RobertPalmer's ghost is severely damaged.
RobertPalmer's ghost hits you but does no damage.
RobertPalmer's ghost hits you.
* * * LOW HITPOINT WARNING * * *
RobertPalmer's ghost hits you but does no damage.
You are electrocuted!
* * * LOW HITPOINT WARNING * * *
There is a stone staircase leading down here.
RobertPalmer's ghost hits you but does no damage.
You climb downwards.
The ghost fades into the shadows.
RobertPalmer's ghost disappears!
The cyan ugly thing bites you.
You die...

##### ##...### ##......# #######
#...##..# #.....#
##.#..#.######## ...
#.....###..#..#)...#.... ....
#####......u...#.#.......##. ....
#>.........@#..#............
#...##.....#.....#..#.........###
#...................#.........#
###.....#...#.......#.........#
........#...#.......#....<....##
|.......#####.....#.#..........##
.......<# #######.#.#.........#
).......# #..#...#....# ........#
#..#...#.#...


You could see a cyan ugly thing.

Vanquished Creatures
  A hill giant (D:11)
  An orange demon (D:10)
  Psyche (D:8)
  A troll (D:8)
  Grinder (D:6)
  A yak (D:8)
  A hippogriff (D:9)
  Eustachio (D:8)
  A human (D:9)
  2 wyverns (D:8)
  A hog (D:9)
  A water moccasin (D:10)
  A sky beast (D:11)
  3 orc warriors
  A black bear (D:9)
  2 phantoms
  4 centaurs
  3 ice beasts
  An ogre (D:9)
  2 big kobolds
  Sigmund (D:6)
  2 elf zombies (D:9)
  Blork the orc (D:6)
  3 giant frogs
  A troll zombie (D:9)
  2 water moccasin skeletons (D:8)
  2 scorpions
  4 goliath beetles
  6 wights
  5 human zombies (D:9)
  5 crimson imps
  A jelly (D:7)
  A human skeleton (D:9)
  8 orc priests
  4 centaur skeletons
  2 hounds
  3 orc wizards
  A gnoll shaman (D:5)
  5 iguanas
  3 sheep (D:9)
  8 worker ants
  An ogre zombie (D:9)
  A hound skeleton (D:7)
  2 worker ant zombies (D:5)
  9 adders
  8 gnolls
  A river rat (D:8)
  5 shadow imps
  A white imp (D:4)
  A giant mite (D:5)
  A worm (D:3)
  4 giant geckos
  An ooze (D:2)
  33 orcs
  2 bat skeletons
  A bat zombie (D:8)
  2 giant cockroaches
  10 hobgoblins
  24 jackals
  21 kobolds
  2 ball pythons
  16 bats
  3 giant newts
  11 goblins
  A jackal skeleton (D:4)
  2 kobold zombies (D:9)
  An orc skeleton (D:9)
  4 quokkas
  A quokka skeleton (D:7)
  A quokka zombie (D:8)
  13 rats
  3 ballistomycetes (D:6)
  3 fungi (D:8)
287 creatures vanquished.

Vanquished Creatures (collateral kills)
  An iguana (D:8)
  A rat (D:8)
2 creatures vanquished.

Vanquished Creatures (others)
  Erolcha (D:8)
  A wyvern zombie (D:8)
  A hound (D:8)
  A giant spore (D:6)
  A goblin (D:8)
  3 fungi (D:8)
  A plant (D:8)
9 creatures vanquished.

Grand Total: 298 creatures vanquished

Notes
Turn   | Place    | Note
--------------------------------------------------------------
     0 | D:1      | stonewall, the Mummy Venom Mage, began the quest for the Orb.
     0 | D:1      | Reached XP level 1. HP: 13/13 MP: 3/3
   127 | D:1      | Reached skill level 1 in Fighting
   563 | D:1      | Reached XP level 2. HP: 17/22 MP: 0/4
  1265 | D:2      | Reached XP level 3. HP: 28/28 MP: 6/6
  1437 | D:2      | Reached skill level 1 in Axes
  1568 | D:2      | Found a glowing golden altar of the Shining One.
  1712 | D:2      | Reached XP level 4. HP: 29/34 MP: 7/7
  1962 | D:2      | Found a blossoming altar of Fedhas.
  1962 | D:2      | Found an opulent altar of Gozag.
  1965 | D:2      | Found an iron altar of Okawaru.
  2255 | D:3      | Reached XP level 5. HP: 6/39 MP: 9/9
  3713 | D:4      | Reached skill level 4 in Axes
  3796 | D:4      | Reached XP level 6. HP: 41/46 MP: 10/10
  4058 | D:4      | Reached skill level 5 in Axes
  4338 | D:5      | Entered Level 5 of the Dungeon
  4446 | D:5      | Reached XP level 7. HP: 46/51 MP: 12/12
  4462 | D:5      | Found a sand-covered staircase.
  4512 | Ossuary  | Entered an ossuary
  4659 | D:5      | Found Laothr Laerr's Magic Scroll Shop.
  4666 | D:5      | Bought a scroll of blinking for 90 gold pieces
  4735 | D:5      | Reached skill level 6 in Axes
  5265 | D:5      | Found Itutz's Gadget Boutique.
  5775 | D:5      | Reached skill level 7 in Axes
  6095 | D:5      | Reached XP level 8. HP: 54/57 MP: 13/13
  6107 | D:5      | Found Iliobbaiqi's Food Boutique.
  6767 | D:5      | Reached skill level 8 in Axes
  7637 | D:6      | Noticed Grinder
  7644 | D:6      | Killed Grinder
  7730 | D:6      | Reached skill level 9 in Axes
  7785 | D:6      | Noticed Sigmund
  7839 | D:6      | Identified a +1 rod of shadows (12/12) (You found it on level 2 of the Dungeon)
  7855 | D:6      | Killed Sigmund
  8296 | D:6      | Noticed Blork the orc
  8315 | D:6      | Killed Blork the orc
  8315 | D:6      | Reached XP level 9. HP: 33/62 MP: 14/14
  8812 | D:6      | Found a staircase to the Ecumenical Temple.
  8936 | Temple   | Entered the Ecumenical Temple
  8977 | Temple   | Became a worshipper of Cheibriados the Contemplative
  9345 | D:7      | Found a shimmering altar of Xom.
  9346 | D:7      | Found a shimmering altar of Xom.
  9346 | D:7      | Found a shimmering altar of Xom.
  9349 | D:7      | Found a shimmering altar of Xom.
  9349 | D:7      | Found a shimmering altar of Xom.
  9349 | D:7      | Found a shimmering altar of Xom.
  9350 | D:7      | Found a shimmering altar of Xom.
  9350 | D:7      | Found a shimmering altar of Xom.
  9398 | D:7      | Found Xymodua's Distillery.
  9622 | D:8      | Noticed Psyche
  9628 | D:8      | Killed Psyche
  9628 | D:8      | Reached skill level 10 in Axes
  9821 | D:8      | Found a staircase to the Lair.
 10036 | D:5      | Bought a scroll of fog for 24 gold pieces
 10036 | D:5      | Bought a scroll of teleportation for 36 gold pieces
 10103 | D:7      | Reached skill level 1 in Armour
 10187 | D:8      | Noticed Erolcha
 10196 | D:8      | Killed Erolcha
 10862 | D:8      | Reached skill level 5 in Fighting
 10924 | D:8      | Noticed Eustachio
 10933 | D:8      | Killed Eustachio
 11252 | D:8      | Reached XP level 10. HP: 57/76 MP: 16/16
 12322 | D:9      | Found an ancient bone altar of Kikubaaqudgha.
 12347 | D:9      | Reached skill level 5 in Armour
 12354 | D:9      | Acquired Cheibriados' first power
 12780 | D:10     | Entered Level 10 of the Dungeon
 12933 | D:10     | Acquired Cheibriados' second power
 13198 | D:11     | Reached skill level 1 in Invocations
 13483 | D:11     | Noticed a hill giant
 13494 | D:11     | Killed a hill giant
 13717 | D:11     | Reached XP level 11. HP: 78/87 MP: 17/17
 13759 | D:11     | Noticed a hill giant
 13759 | D:11     | Noticed a cyclops
 13893 | D:11     | Noticed a cyan ugly thing
 13924 | D:10     | Noticed RobertPalmer's ghost (experienced OpNe)
 13940 | D:10     | HP: 1/87 [RobertPalmer's ghost (10)]
 13942 | D:11     | Slain by a cyan ugly thing

Action                   |  1- 3 |  4- 6 |  7- 9 | 10-12 || total
-------------------------+-------+-------+-------+-------++-------
Melee: Unarmed           |     1 |       |       |       ||     1
       Club              |    16 |       |       |       ||    16
       War axe           |    43 |   214 |   454 |   274 ||   985
Throw: Javelin           |     2 |       |     1 |       ||     3
 Cast: Sting             |    28 |       |       |       ||    28
Evoke: Rod               |       |       |     5 |       ||     5
       Wand              |       |       |     5 |     4 ||     9
  Use: Scroll            |       |     4 |     2 |     2 ||     8
